 Dungeon Crawl Stone Soup version 0.19.1-1-g22dce08 (webtiles) character file.

179 Kiturien the Insei (level 5, -14/34 HPs)
             Began as an Octopode Transmuter on Jan 14, 2017.
             Demolished by an ogre
             ... wielding a +0 giant spiked club
              (24 damage)
             ... on level 4 of the Dungeon.
             The game lasted 00:21:46 (3485 turns).

Kiturien the Insei (Octopode Transmuter)            Turns: 3485, Time: 00:21:46

Health: -14/34     AC:  1    Str: 10      XL:     5   Next: 59%
Magic:  7/8        EV: 14    Int: 15 (16) God:
Gold:   107        SH:  0    Dex: 11 (12) Spells: 1 memorised, 7 levels left

rFire  + . .     SeeInvis .     v - +0 war axe
rCold  . . .     Gourm    .     (no shield)
rNeg   . . .     Faith    .     (helmet restricted)
rPois  .         Spirit   .     e - amulet of regeneration
rElec  .         Reflect  .     l - ring of protection from fire
rCorr  +         Harm     .     (no ring)
MR     .....                    x - ring of resist corrosion
Stlth  +++.......               (no ring)
                                (no ring)
                                (no ring)
                                (no ring)
                                (no ring)

@: appendage
A: almost no armour, stealthy swim, amphibious, 8 rings, constrict 8, tentacle
spike 3, camouflage 1, gelatinous body 1
a: End Transformation


You were on level 4 of the Dungeon.
You were not hungry.
One of your tentacles had a temporary spike.
You visited 1 branch of the dungeon, and saw 4 of its levels.

You collected 107 gold pieces.

Inventory:

Hand Weapons
 h - a +0 dagger
 v - a +0 war axe (weapon)
Missiles
 a - 12 arrows
 f - a throwing net (quivered)
 g - 8 poisoned needles
 i - 32 stones
Jewellery
 e - an amulet of regeneration (around mantle)
 l - a ring of protection from fire (left tentacle)
 x - a ring of resist corrosion (on tentacle)
Scrolls
 j - 3 scrolls of remove curse
 m - a scroll of enchant weapon
 p - a scroll of fear
 q - a scroll of amnesia {unknown}
 r - 3 scrolls of identify
 s - a scroll of enchant armour {unknown}
 u - 4 scrolls of recharging
Potions
 n - 2 potions of heal wounds
 o - a potion of lignification
 t - a potion of resistance
Books
 b - a book of Changes

   Spells                             Type                      Level
   a - Beastly Appendage              Transmutation                1
   b - Sticks to Snakes               Transmutation                2
   c - Spider Form                    Transmutation/Poison         3
   d - Ice Form                       Ice/Transmutation            4
   e - Blade Hands                    Transmutation                5
Comestibles
 c - 2 bread rations
 d - a fruit
 k - a meat ration


   Skills:
 + Level 1.8 Fighting
 + Level 1.3 Short Blades
 + Level 1.7 Axes
 + Level 3.0 Dodging
 + Level 2.7 Stealth
 + Level 3.6 Unarmed Combat
 + Level 2.2 Spellcasting
 + Level 2.3 Transmutations


You had 7 spell levels left.
You knew the following spells:

 Your Spells              Type           Power        Failure   Level  Hunger
a - Beastly Appendage     Tmut           #.....       12%         1    #......


Dungeon Overview and Level Annotations

Branches:
Dungeon (4/15)
 Temple: D:4-7

Altars:

Annotations:
D:3 Kiturien's ghost, amateur TeBe


Innate Abilities, Weirdness & Mutations

You cannot wear most types of armour.
You are very stealthy in the water. (Stealth+)
You are amphibious.
You can wear up to eight rings at the same time.
You can use your tentacles to constrict eight enemies at once.
Your skin changes colour to match your surroundings (Stealth+).
Your rubbery body absorbs attacks. (AC +1, EV +1)
One of your tentacles bears a large vicious spike.


Message History

You feel your intelligence returning.
k - a meat ration
Found a hand axe.
Found an escape hatch in the ceiling.
You see here a hand axe.
An ogre comes into view. It is wielding a giant spiked club.
Casting: Beastly Appendage
Confirm with . or Enter, or press ? or * to list all spells.
One of your tentacles grows a vicious spike.
The helpless ogre fails to defend itself.
You hit the ogre.
The ogre is lightly wounded.
The ogre misses you.
You hit the ogre.
You pierce the ogre.
The ogre is moderately wounded.
The ogre hits you with a giant spiked club!!
Ouch! That really hurt!
* * * LOW HITPOINT WARNING * * *
The ogre hits you with a giant spiked club!!
Ouch! That really hurt!
You die...

..
#.##.##.###
#.#.....<...
#....#.###.##
####.#.# ..
#.#.# ..
#.#.# #.#
###)# #.@.#
#O###.#
#.....#
#######


You could see an ogre.

Vanquished Creatures
  Ijyb (D:3)
  A worker ant (D:4)
  Robin (D:3)
  3 adders
  An ooze (D:2)
  An adder skeleton (D:4)
  A worm (D:2)
  A dart slug (D:3)
  3 leopard geckos
  An orc (D:3)
  3 ball pythons
  10 giant cockroaches
  12 hobgoblins
  2 jackals (D:1)
  7 bats
  A frilled lizard (D:2)
  14 goblins
  6 kobolds
  4 rats
73 creatures vanquished.

Notes
Turn   | Place    | Note
-------+----------+-------------------------------------------
     0 | D:1      | Kiturien the Octopode Transmuter began the quest for the Orb.
     0 | D:1      | Reached XP level 1. HP: 13/13 MP: 3/3
   143 | D:1      | Reached XP level 2. HP: 7/18 MP: 5/5
   981 | D:1      | Reached XP level 3. HP: 9/23 MP: 6/6
  1297 | D:2      | Reached skill level 1 in Stealth
  1357 | D:2      | Found a faded altar of an unknown god.
  1374 | D:2      | Reached XP level 4. HP: 27/28 MP: 7/7
  2055 | D:3      | Reached skill level 1 in Short Blades
  2104 | D:3      | Noticed Robin
  2201 | D:3      | Killed Robin
  2205 | D:3      | Got a scorched helmet
  2273 | D:3      | Reached XP level 5. HP: 32/33 MP: 8/8
  2526 | D:3      | Noticed Kiturien's ghost (amateur TeBe)
  2759 | D:3      | Noticed Ijyb
  2771 | D:3      | Killed Ijyb
  2771 | D:3      | Reached skill level 1 in Axes
  3477 | D:4      | Noticed an ogre
  3485 | D:4      | Demolished by an ogre

Skill      XL: |  1  2  3  4  5 |
---------------+----------------+-----
Stealth        | 1 2 |  2.7
Short Blades   | 1 |  1.3
Axes           | 1 |  1.7
Dodging        | 3 |  3.0
Fighting       | |  1.8
Unarmed Combat | |  3.6
Spellcasting   | |  2.2
Transmutations | |  2.3

Action                   |  1- 3 |  4- 6 || total
-------------------------+-------+-------++-------
Melee: Unarmed           |    32 |       ||    32
       Constrict         |    24 |    23 ||    47
       Tentacles         |     9 |    14 ||    23
       Dagger            |    72 |    44 ||   116
       War axe           |       |    56 ||    56
       Kick              |       |     2 ||     2
       Punch             |       |     2 ||     2
Throw: Throwing net      |       |     1 ||     1
 Cast: Beastly Appendage |       |     3 ||     3
  Use: Potion            |     5 |     1 ||     6
       Scroll            |     4 |     4 ||     8
 Stab: Sleeping          |     7 |     5 ||    12
       Invisible         |     1 |       ||     1
  Eat: Pizza             |     1 |       ||     1
       Bread ration      |       |     1 ||     1
       Fruit             |       |     1 ||     1
       Meat ration       |       |     1 ||     1
Armor: Skin              |     7 |    11 ||    18
Dodge: Dodged            |    75 |    67 ||   142
